 Dungeon Sprint DCSS version 0.24-a0-618-ge4662a2d14 (webtiles) character file.

Game seed: 17499087860362982521, levelgen mode: deterministic

1876 MordorOrchid the Thaumaturge (level 9, -5/72 HPs)
             Began as a Gnoll Venom Mage on Sept 15, 2019.
             Was an Elder of Sif Muna.
             Slain by a spiny frog (15 damage)
             ... in the Dungeon (Sprint IX: "|||||||||||||||||||||||||||||").
             The game lasted 00:07:26 (771 turns).

MordorOrchid the Thaumaturge (Gnoll Venom Mage)      Turns: 771, Time: 00:07:26

Health: -5/72      AC:  7    Str: 11    XL:     9   Next: 14%
Magic:  12/21      EV: 18    Int: 24    God:    Sif Muna [****..]
Gold:   15         SH:  0    Dex: 15    Spells: 10/25 levels left

rFire    . . .     SeeInvis .   n - +1 broad axe (freeze)
rCold    . . .     Gourm    .   (no shield)
rNeg     . . .     Faith    .   a - +0 robe
rPois    .         Spirit   .   t - +0 helmet
rElec    .         Reflect  .   (no cloak)
rCorr    .         Harm     .   (no gloves)
MR       .....     NoTele   +   r - +0 pair of boots
Stlth    ++++......             (no amulet)
HPRegen  0.22/turn              b - +2 ring of protection
MPRegen  0.17/turn              u - +3 ring of intelligence

@: lethally poisoned (-5 -> -14)
A: distributed training, fangs 1, strong nose
a: Channel Magic, Forget Spell, Divine Exegesis, Renounce Religion


You were in the Dungeon.
You worshipped Sif Muna.
Sif Muna was greatly pleased with you.
You were near starving.

You visited 1 branch You collected 15 gold pieces.

Inventory:

Hand Weapons
 n - a +1 broad axe of freezing (weapon)
 o - a +2 morningstar of protection
 p - a +2 halberd of venom
 q - a +4 quarterstaff of speed
 s - a +2 scimitar of holy wrath
 y - a +2 rapier of electrocution
Armour
 a - a +0 robe (worn)
 r - a +0 pair of boots (worn)
 t - a +0 helmet (worn)
Magical Staves
 x - an uncursed staff of energy
Jewellery
 b - a +2 ring of protection (left hand)
 u - a +3 ring of intelligence (right hand)
Wands
 m - a wand of iceblast (10)
Scrolls
 i - 2 scrolls of blinking
 k - 4 scrolls of remove curse
 l - 2 scrolls of amnesia
 w - a scroll of fog
 z - 4 scrolls of enchant armour
 A - 2 scrolls of identify
Potions
 d - 5 potions of curing
 e - 7 potions of heal wounds
 f - a potion of haste
 g - 4 potions of magic
 j - a potion of might
 v - a potion of mutation
Comestibles
 c - 2 rations


   Skills:
 + Level 7.1 Fighting
 + Level 7.1 Short Blades
 + Level 7.1 Long Blades
 + Level 7.1 Axes
 + Level 7.1 Maces & Flails
 + Level 7.1 Polearms
 + Level 7.1 Staves
 + Level 7.1 Slings
 + Level 7.1 Bows
 + Level 7.1 Crossbows
 + Level 7.1 Throwing
 + Level 7.1 Armour
 + Level 8.6 Dodging
 + Level 8.3 Stealth
 + Level 7.1 Shields
 + Level 7.1 Unarmed Combat
 + Level 8.8 Spellcasting
 + Level 6.3 Conjurations
 + Level 5.9 Hexes
 + Level 5.9 Charms
 + Level 5.9 Summonings
 + Level 5.9 Necromancy
 + Level 5.9 Translocations
 + Level 5.9 Transmutations
 + Level 5.9 Fire Magic
 + Level 5.9 Ice Magic
 + Level 5.9 Air Magic
 + Level 5.9 Earth Magic
 + Level 8.2 Poison Magic
 + Level 7.8 Invocations
 + Level 7.1 Evocations


You had 10 spell levels left.
You knew the following spells:

 Your Spells              Type           Power        Failure   Level  Hunger
a - Sting                 Conj/Pois      ####         1%          1    None
b - Olgreb's Toxic Radia  Pois           #####...     1%          4    ##.....
f - Venom Bolt            Conj/Pois      #####.....   9%          5    ####...
g - Mephitic Cloud        Conj/Pois/Air  #####...     1%          3    None
p - Poisonous Vapours     Pois/Air       #####.       1%          2    None

Your spell library contained the following spells:

 Spells                   Type           Power        Failure   Level  Hunger


Dungeon Overview and Level Annotations

Branches:
Dungeon (1/1)

Altars:
Cheibriados
Dithmenos
Elyvilon
Fedhas
Gozag
Hepliaklqana
Kikubaaqudgha
Makhleb
Nemelex Xobeh
Okawaru
Qazlal
Ru
Sif Muna
Trog
Uskayaw
Vehumet
Wu Jian
Xom
Yredelemnul
Zin
The Shining One
Beogh
Jiyva
Lugonu


Innate Abilities, Weirdness & Mutations

Your experience applies equally to all skills.
You have very sharp teeth.
Your uncanny sense of smell can sniff out nearby items.


Message History

You are poisoned.
The spiny frog poisons you!
You hit the spiny frog but do no damage.
The spiny frog is severely wounded.
* * * LOW HITPOINT WARNING * * *
You feel sick.
You hit the spiny frog.
The spiny frog seems to slow down.
You freeze the spiny frog.
The spiny frog is almost dead.
* * * LOW HITPOINT WARNING * * *
You feel sick. The spiny frog misses you.
You barely miss the spiny frog.
The spiny frog is almost dead.
* * * LOW HITPOINT WARNING * * *
You feel sick. The spiny frog completely misses you.
You hit the spiny frog but do no damage.
You bite the spiny frog, but do no damage.
The spiny frog is almost dead.
You feel sick. The spiny frog stings you!
You die...

∆∆∆∆∆∆∆∆∆∆∆∆ ∆∆∆∆∆∆∆∆∆∆∆∆∆
▓▓▓▓▓▓▓▓▓▓▓▓▓▓▓▓▓▓▓▓▓▓▓▓
......F@.÷....†........'
▓▓▓▓▓▓▓▓▓▓▓▓▓▓▓▓▓▓▓▓▓▓▓▓▓▓▓▓▓▓▓▓▓
.................................
▓▓▓▓▓▓▓▓▓▓▓▓▓▓▓▓▓▓▓▓▓▓▓▓▓▓▓▓▓▓▓▓▓
_______________________'....÷'[..
▓▓▓▓▓▓▓▓▓▓▓▓▓▓▓▓▓▓▓▓▓▓▓▓▓▓▓▓▓▓▓▓▓


You could see a spiny frog.

Vanquished Creatures
  An elephant (D)
  A spiny frog (D)
  2 water moccasins (D)
  A porcupine (D)
  3 orc warriors (D)
  A phantom (D)
  An eye of draining (D)
  2 big kobolds (D)
  2 crocodiles (D)
  A scorpion (D)
  2 hounds (D)
  An orc wizard (D)
  A worker ant (D)
  A shadow imp (D)
  An adder skeleton (D)
  2 leopard geckos (D)
  An orc (D)
  2 bats (D)
  2 hobgoblins (D)
  A rat (D)
29 creatures vanquished.

Vanquished Creatures (collateral kills)
  A bullfrog (D)
1 creature vanquished.

Grand Total: 30 creatures vanquished

Notes
Turn   | Place    | Note
-------+----------+-------------------------------------------
     0 | D        | MordorOrchid the Gnoll Venom Mage began the quest for the
                  | Orb.
     0 | D        | Reached XP level 1. HP: 13/13 MP: 6/6
     9 | D        | Reached skill level 5 in Spellcasting
    13 | D        | Reached skill level 1 in Invocations
   122 | D        | Noticed a worker ant
   122 | D        | Noticed an orc wizard
   122 | D        | Noticed a phantom
   124 | D        | Reached skill level 1 in Fighting
   124 | D        | Reached skill level 1 in Short Blades
   124 | D        | Reached skill level 1 in Long Blades
   124 | D        | Reached skill level 1 in Axes
   124 | D        | Reached skill level 1 in Maces & Flails
   124 | D        | Reached skill level 1 in Polearms
   124 | D        | Reached skill level 1 in Staves
   124 | D        | Reached skill level 1 in Slings
   124 | D        | Reached skill level 1 in Bows
   124 | D        | Reached skill level 1 in Crossbows
   124 | D        | Reached skill level 1 in Throwing
   124 | D        | Reached skill level 1 in Armour
   124 | D        | Reached skill level 1 in Shields
   124 | D        | Reached skill level 1 in Unarmed Combat
   124 | D        | Reached skill level 1 in Evocations
   124 | D        | Reached XP level 2. HP: 21/21 MP: 5/8
   128 | D        | Reached skill level 5 in Dodging
   128 | D        | Reached skill level 1 in Hexes
   128 | D        | Reached skill level 1 in Charms
   128 | D        | Reached skill level 1 in Summonings
   128 | D        | Reached skill level 1 in Necromancy
   128 | D        | Reached skill level 1 in Translocations
   128 | D        | Reached skill level 1 in Transmutations
   128 | D        | Reached skill level 1 in Fire Magic
   128 | D        | Reached skill level 1 in Ice Magic
   128 | D        | Reached skill level 1 in Air Magic
   128 | D        | Reached skill level 1 in Earth Magic
   128 | D        | Reached XP level 3. HP: 18/27 MP: 5/9
   139 | D        | Reached XP level 4. HP: 15/34 MP: 6/11
   146 | D        | Found a roughly hewn altar of Beogh.
   146 | D        | Found a snail-covered altar of Cheibriados.
   146 | D        | Found a shadowy altar of Dithmenos.
   146 | D        | Found a white marble altar of Elyvilon.
   146 | D        | Found a blossoming altar of Fedhas.
   146 | D        | Found an opulent altar of Gozag.
   147 | D        | Found a hazy altar of Hepliaklqana.
   148 | D        | Found a viscous altar of Jiyva.
   150 | D        | Found an ancient bone altar of Kikubaaqudgha.
   151 | D        | Found a corrupted altar of Lugonu.
   152 | D        | Found a burning altar of Makhleb.
   153 | D        | Found a sparkling altar of Nemelex Xobeh.
   154 | D        | Found an iron altar of Okawaru.
   155 | D        | Found a stormy altar of Qazlal.
   156 | D        | Found a sacrificial altar of Ru.
   157 | D        | Found a shimmering blue altar of Sif Muna.
   158 | D        | Found a bloodstained altar of Trog.
   159 | D        | Found a hide-covered altar of Uskayaw.
   160 | D        | Found a radiant altar of Vehumet.
   161 | D        | Found an ornate altar of the Wu Jian Council.
   162 | D        | Found a shimmering altar of Xom.
   163 | D        | Found a basalt altar of Yredelemnul.
   164 | D        | Found a glowing silver altar of Zin.
   165 | D        | Became a worshipper of Sif Muna the Loreminder
   166 | D        | Found a glowing golden altar of the Shining One.
   201 | D        | Killed a phantom
   201 | D        | Reached skill level 5 in Stealth
   201 | D        | Reached XP level 5. HP: 17/41 MP: 11/13
   282 | D        | Learned a level 4 spell: Olgreb's Toxic Radiance
   286 | D        | Learned a level 3 spell: Mephitic Cloud
   289 | D        | Learned a level 2 spell: Poisonous Vapours
   295 | D        | Learned a level 5 spell: Venom Bolt
   363 | D        | Noticed an orc warrior
   363 | D        | Noticed an orc warrior
   363 | D        | Noticed a big kobold
   363 | D        | Noticed an eye of draining
   369 | D        | Killed an eye of draining
   369 | D        | Reached * piety under Sif Muna
   369 | D        | Reached XP level 6. HP: 48/48 MP: 0/15
   374 | D        | Reached skill level 5 in Invocations
   375 | D        | Killed an orc warrior
   375 | D        | Reached ** piety under Sif Muna
   381 | D        | Killed an orc warrior
   381 | D        | Reached skill level 5 in Fighting
   381 | D        | Reached skill level 5 in Short Blades
   381 | D        | Reached skill level 5 in Long Blades
   381 | D        | Reached skill level 5 in Axes
   381 | D        | Reached skill level 5 in Maces & Flails
   381 | D        | Reached skill level 5 in Polearms
   381 | D        | Reached skill level 5 in Staves
   381 | D        | Reached skill level 5 in Slings
   381 | D        | Reached skill level 5 in Bows
   381 | D        | Reached skill level 5 in Crossbows
   381 | D        | Reached skill level 5 in Throwing
   381 | D        | Reached skill level 5 in Armour
   381 | D        | Reached skill level 5 in Shields
   381 | D        | Reached skill level 5 in Unarmed Combat
   381 | D        | Reached skill level 5 in Evocations
   381 | D        | Reached XP level 7. HP: 56/56 MP: 2/17
   392 | D        | Reached skill level 5 in Conjurations
   399 | D        | Reached *** piety under Sif Muna
   535 | D        | Noticed a spiny frog
   541 | D        | Reached **** piety under Sif Muna
   541 | D        | Reached skill level 5 in Hexes
   541 | D        | Reached skill level 5 in Charms
   541 | D        | Reached skill level 5 in Summonings
   541 | D        | Reached skill level 5 in Necromancy
   541 | D        | Reached skill level 5 in Translocations
   541 | D        | Reached skill level 5 in Transmutations
   541 | D        | Reached skill level 5 in Fire Magic
   541 | D        | Reached skill level 5 in Ice Magic
   541 | D        | Reached skill level 5 in Air Magic
   541 | D        | Reached skill level 5 in Earth Magic
   541 | D        | Reached XP level 8. HP: 54/64 MP: 12/19
   541 | D        | Noticed an elephant
   546 | D        | Killed a spiny frog
   750 | D        | Killed an elephant
   750 | D        | Reached XP level 9. HP: 15/72 MP: 18/21
   759 | D        | Noticed a spiny frog
   771 | D        | Slain by a spiny frog

Levels and vault maps discovered:
D:        linesprint [early_d, line_temple, items_1, d_10, items_2, lair_1,
          lair_end, items_3, orc_1, orc_end, items_4, d_15, swamp_1, shoals_1,
          snake_1, spider_1, d_20, vaults_1, items_5, swamp_end, shoals_end,
          snake_end, spider_end, vaults_end, d_27, items_6, zot_1, zot_end,
          crypt_end, forest_end, elf_end, slime_end, tomb_end, abyss_end,
          pan_hell_end]

Skill      XL: |  1  2  3  4  5  6  7  8 |
---------------+-------------------------+-----
Conjurations   | 2 3 4 5 6 |  6.3
Spellcasting   | 5 6 7 8 |  8.8
Invocations    | 1 2 3 4 5 6 7 |  7.8
Fighting       | 1 2 3 4 5 6 7 |  7.1
Short Blades   | 1 2 3 4 5 6 7 |  7.1
Long Blades    | 1 2 3 4 5 6 7 |  7.1
Axes           | 1 2 3 4 5 6 7 |  7.1
Maces & Flails | 1 2 3 4 5 6 7 |  7.1
Polearms       | 1 2 3 4 5 6 7 |  7.1
Staves         | 1 2 3 4 5 6 7 |  7.1
Slings         | 1 2 3 4 5 6 7 |  7.1
Bows           | 1 2 3 4 5 6 7 |  7.1
Crossbows      | 1 2 3 4 5 6 7 |  7.1
Throwing       | 1 2 3 4 5 6 7 |  7.1
Armour         | 1 2 3 4 5 6 7 |  7.1
Shields        | 1 2 3 4 5 6 7 |  7.1
Unarmed Combat | 1 2 3 4 5 6 7 |  7.1
Evocations     | 1 2 3 4 5 6 7 |  7.1
Dodging        | 5 6 7 8 |  8.6
Hexes          | 1 2 3 4 5 |  5.9
Charms         | 1 2 3 4 5 |  5.9
Summonings     | 1 2 3 4 5 |  5.9
Necromancy     | 1 2 3 4 5 |  5.9
Translocations | 1 2 3 4 5 |  5.9
Transmutations | 1 2 3 4 5 |  5.9
Fire Magic     | 1 2 3 4 5 |  5.9
Ice Magic      | 1 2 3 4 5 |  5.9
Air Magic      | 1 2 3 4 5 |  5.9
Earth Magic    | 1 2 3 4 5 |  5.9
Stealth        | 5 6 7 8 |  8.3
Poison Magic   | 6 7 8 |  8.2

Action                   |  1- 3 |  4- 6 |  7- 9 || total
-------------------------+-------+-------+-------++-------
Melee: Unarmed           |     1 |       |       ||     1
       Club              |    13 |       |       ||    13
       Bite              |     1 |     1 |     3 ||     5
       Scimitar          |       |     1 |       ||     1
       Rapier            |       |    14 |    36 ||    50
       Punch             |       |     1 |       ||     1
       Broad axe         |       |       |     8 ||     8
 Cast: Sting             |     7 |       |       ||     7
       Olgreb's Toxic Ra |       |     1 |     2 ||     3
       Venom Bolt        |       |       |    10 ||    10
       Mephitic Cloud    |       |       |     4 ||     4
Invok: Channel Magic     |       |       |     3 ||     3
Evoke: Staff of energy   |       |       |     8 ||     8
  Use: Potion            |     1 |     1 |     1 ||     3
 Stab: Sleeping          |     1 |       |       ||     1
       Invisible         |       |     1 |       ||     1
       Confused          |       |       |     1 ||     1
  Eat: Chunk             |       |       |     3 ||     3
Armor: Robe              |       |       |     3 ||     3
Dodge: Dodged            |    12 |     8 |    34 ||    54
       Rpst.: Scimitar   |       |     1 |       ||     1

Table legend:
 A = Non-vault XP
 B = Vault XP
 C = Vault XP percentage of total XP
 D = Non-vault monster count
 E = Vault monster count
 F = Vault count percentage of total count
                 A         B        C        D         E       F
            +---------+---------+-------+---------+---------+-------
      Total |       0 |    2681 | 100.0 |       0 |      30 | 100.0
            +---------+---------+-------+---------+---------+-------
          D |       0 |    2681 | 100.0 |       0 |      30 | 100.0
            +---------+---------+-------+---------+---------+-------
